 Dungeon Crawl Stone Soup version 0.29.0-4-gdea44cf6ec (webtiles) character file.

Game seed: 11901257955400857325

49 qw the Chopper (level 3, 0/21 HPs)
             Began as a Tengu Warper on Aug 28, 2022.
             Killed from afar by Sigmund (21 damage)
             ... with a bolt of dispelling energy
             ... on level 2 of the Dungeon.
             The game lasted 00:00:10 (1979 turns).

qw the Chopper (Tengu Warper)                       Turns: 1979, Time: 00:00:10

Health: 0/21       AC:  8    Str: 13    XL:     3   Next: 77%
Magic:  7/7        EV: 11    Int: 13    God:
Gold:   46         SH:  0    Dex: 13    Spells: 6/6 levels left

rFire   x . .      SeeInvis +   Y - +0 hand axe (freeze)
rCold   + . .      Faith    .   (no shield)
rNeg    . . .      Spirit   .   d - +3 ring mail
rPois   +          Reflect  .   (helmet restricted)
rElec   .          Harm     .   (no cloak)
rCorr   .          Rampage  .   (no gloves)
Will    .....                   (boots unavailable)
Stlth   ..........              (no amulet)
HPRegen 0.07/turn               h - ring of Echo {Ice rPois Will- SInv}
MPRegen 0.10/turn               (no ring)

@: confused
A: beak, talons 3
a: no special abilities


You were on level 2 of the Dungeon.
You visited 1 branch of the dungeon, and saw 2 of its levels.

You collected 46 gold pieces.


Innate Abilities, Weirdness & Mutations

You have a beak for a mouth.
You have claws for feet.


   Skills:
 - Level 2.0 Fighting
 + Level 4.4 Axes
 - Level 1.0 Throwing
 - Level 1.1 Armour
 - Level 2.1 Dodging
 - Level 2.0 Spellcasting
 - Level 2.4 Translocations


You had 6 spell levels left.
You didn't know any spells.
Your spell library contained the following spells:

 Spells                   Type           Power      Damage    Failure   Level
 Blink                    Tloc           14%        N/A       30%         2
 Gell's Gravitas          Tloc           7%         N/A       52%         3
 Lesser Beckoning         Tloc           7%         N/A       52%         3
 Teleport Other           Tloc           7%         N/A       52%         3
 Manifold Assault         Tloc           7%         N/A       99%         5

Inventory:

Hand Weapons
 g - a +0 whip
 Y - a +0 hand axe of freezing (weapon)
Armour
 d - a +3 ring mail (worn)
Jewellery
 h - the ring of Echo (left hand) {Ice rPois Will- SInv}
   (You found it on level 2 of the Dungeon)

   [ring of ice]

   It enhances your ice magic.
   rF:        It makes you vulnerable to fire.
   rC:        It protects you from cold.
   rPois:     It protects you from poison.
   SInv:      It lets you see invisible.
   Will:      It decreases your willpower.
Scrolls
 a - a scroll of identify
Potions
 e - a potion of heal wounds {unknown}
 f - a potion of might {unknown}

Dungeon Overview and Level Annotations

Branches:
Dungeon (2/15)

Altars:

Annotations:
D:2 Sigmund


Message History

Level annotation: Sigmund The frilled lizard bites you but does no damage.
Sigmund casts a spell at you. You resist with significant effort.
There is a stone staircase leading up here.
1968 ||| STAIRDANCE The frilled lizard closely misses you.
You climb upwards.
Your butterfly disappears in a burst of colours! x4
There is a stone staircase leading down here.
You closely miss the frilled lizard. Your kick misses the frilled lizard.
The frilled lizard bites you but does no damage.
You hit the frilled lizard.
The frilled lizard seems to slow down.
You freeze the frilled lizard.
You kill the frilled lizard!
Done exploring.
(D) Dungeon
Where to? (* - list waypoints, Enter - D:2, ? - help)
What level of the Dungeon? (default 1, ? - help)
You climb downwards.
Level annotation: Sigmund Sigmund gestures wildly while chanting.
Sigmund flickers and vanishes for a moment.
There is a stone staircase leading up here.
Sigmund is nearby!
Sigmund barely misses you. Sigmund gestures at you while chanting.
You are confused.
You see here a bat skeleton.
You bump into the rock wall.
Sigmund misses you.
You hit Sigmund. You freeze Sigmund.
Sigmund is moderately wounded.
Sigmund barely misses you.
You're too confused to move!
Sigmund zaps a wand.
The bolt of dispelling energy hits you!!
Your magical effects are unravelling.
Ouch! That really hurt!
You die...

#.######.#### # #
#............ .#.
########.#### #.#
#.# #.# #.# #.# #.#
#<# #.# #.## #.# #
#%@# #.# #.##@# #{#
#.##.### #.#
##......## #.#
...........# #.#
######.....### #.#
####.......######.#
...............{..#
####.......########


You could see Sigmund (invisible).

Vanquished Creatures
  2 adders (D:2)
  A dart slug (D:1)
  7 endoplasms
  A giant cockroach (D:1)
  A goblin (D:1)
  A hobgoblin (D:1)
  4 ball pythons (D:1)
  5 bats
  2 frilled lizards (D:1)
  4 kobolds
  3 rats (D:1)
31 creatures vanquished.

Notes
Turn   | Place    | Note
-------+----------+-------------------------------------------
     0 | D:1      | qw the Tengu Warper began the quest for the Orb.
     0 | D:1      | Reached XP level 1. HP: 12/12 MP: 4/4
     0 | D:1      | 0 ||| qw: Version: 0.1-a-89-g26bdef1
     0 | D:1      | 0 ||| qw: Game counter: 3242
     0 | D:1      | 0 ||| qw: Always use a shield: true
     0 | D:1      | 0 ||| qw: God list: Okawaru
     0 | D:1      | 0 ||| qw: Allow faded altars: false
     0 | D:1      | 0 ||| qw: Do Orc after D:15 true
     0 | D:1      | 0 ||| qw: Do second Lair branch before Depths: true
     0 | D:1      | 0 ||| qw: Lair rune preference: random
     0 | D:1      | 0 ||| qw: Plans: Normal
     0 | D:1      | 0 ||| PLANNING D:1-11
   509 | D:1      | Reached skill level 3 in Axes
   509 | D:1      | Reached XP level 2. HP: 17/17 MP: 6/6
   645 | D:1      | 645 ||| Stepping ~*~*~tactically~*~*~ (stealth).
   650 | D:1      | 650 ||| Stepping ~*~*~tactically~*~*~ (hiding).
  1396 | D:1      | Reached XP level 3. HP: 21/21 MP: 7/7
  1456 | D:1      | 1456 ||| UPGRADING to +3 ring mail.
  1466 | D:1      | 1466 ||| DROPPING +0 leather armour.
  1467 | D:1      | 1467 ||| DROPPING +0 scale mail.
  1468 | D:1      | 1468 ||| READING scroll labelled HONIDA TUROZAO.
  1469 | D:1      | 1469 ||| DROPPING scroll of blinking.
  1530 | D:2      | Reached skill level 4 in Axes
  1574 | D:2      | 1574 ||| FLEEEEING.
  1579 | D:2      | 1579 ||| STAIRDANCE
  1804 | D:2      | Identified the ring of Echo {Ice rPois Will- SInv}
  1845 | D:2      | Noticed Sigmund
  1848 | D:2      | 1848 ||| FLEEEEING.
  1849 | D:2      | 1849 ||| FLEEEEING.
  1850 | D:2      | 1850 ||| FLEEEEING.
  1851 | D:2      | 1851 ||| FLEEEEING.
  1852 | D:2      | 1852 ||| FLEEEEING.
  1853 | D:2      | 1853 ||| FLEEEEING.
  1854 | D:2      | 1854 ||| FLEEEEING.
  1855 | D:2      | 1855 ||| FLEEEEING.
  1858 | D:2      | 1858 ||| FLEEEEING.
  1859 | D:2      | 1859 ||| FLEEEEING.
  1860 | D:2      | 1860 ||| FLEEEEING.
  1861 | D:2      | 1861 ||| FLEEEEING.
  1862 | D:2      | 1862 ||| FLEEEEING.
  1863 | D:2      | 1863 ||| FLEEEEING.
  1864 | D:2      | 1864 ||| FLEEEEING.
  1865 | D:2      | 1865 ||| FLEEEEING.
  1866 | D:2      | 1866 ||| FLEEEEING.
  1867 | D:2      | 1867 ||| FLEEEEING.
  1868 | D:2      | 1868 ||| FLEEEEING.
  1869 | D:2      | 1869 ||| FLEEEEING.
  1870 | D:2      | 1870 ||| FLEEEEING.
  1871 | D:2      | 1871 ||| FLEEEEING.
  1873 | D:2      | 1873 ||| FLEEEEING.
  1874 | D:2      | 1874 ||| FLEEEEING.
  1875 | D:2      | 1875 ||| FLEEEEING.
  1876 | D:2      | 1876 ||| FLEEEEING.
  1877 | D:2      | 1877 ||| FLEEEEING.
  1878 | D:2      | 1878 ||| FLEEEEING.
  1879 | D:2      | 1879 ||| FLEEEEING.
  1880 | D:2      | 1880 ||| FLEEEEING.
  1881 | D:2      | 1881 ||| FLEEEEING.
  1882 | D:2      | 1882 ||| FLEEEEING.
  1883 | D:2      | 1883 ||| FLEEEEING.
  1884 | D:2      | 1884 ||| FLEEEEING.
  1885 | D:2      | 1885 ||| FLEEEEING.
  1886 | D:2      | 1886 ||| FLEEEEING.
  1887 | D:2      | 1887 ||| FLEEEEING.
  1888 | D:2      | 1888 ||| FLEEEEING.
  1889 | D:2      | 1889 ||| FLEEEEING.
  1890 | D:2      | 1890 ||| FLEEEEING.
  1891 | D:2      | 1891 ||| FLEEEEING.
  1892 | D:2      | 1892 ||| FLEEEEING.
  1893 | D:2      | 1893 ||| FLEEEEING.
  1894 | D:2      | 1894 ||| FLEEEEING.
  1895 | D:2      | 1895 ||| FLEEEEING.
  1896 | D:2      | 1896 ||| FLEEEEING.
  1897 | D:2      | 1897 ||| FLEEEEING.
  1898 | D:2      | 1898 ||| FLEEEEING.
  1899 | D:2      | 1899 ||| FLEEEEING.
  1900 | D:2      | 1900 ||| FLEEEEING.
  1901 | D:2      | 1901 ||| STAIRDANCE
  1961 | D:1      | 1961 ||| UPGRADING to ring of Echo {Ice rPois Will- SInv}.
  1962 | D:1      | 1962 ||| READING scroll labelled PYSKILO DEVIH.
  1963 | D:1      | 1963 ||| READING scroll labelled SIEKUT RUNT.
  1964 | D:1      | 1964 ||| READING scroll labelled MUSHE APRULIPS.
  1965 | D:1      | 1965 ||| READING scroll labelled QUOMAS SOTI.
  1968 | D:2      | 1968 ||| STAIRDANCE
  1979 | D:2      | Killed from afar by Sigmund

Levels and vault maps discovered:
D:1:      lightli_arrival_noodles, layout_basic
D:2:      layout_loops_ring, uniq_sigmund

Skill      XL: |  1  2  3 |
---------------+----------+-----
Axes           | 3 4 |  4.4
Fighting       | |  2.0
Throwing       | |  1.0
Armour         | |  1.1
Dodging        | |  2.1
Spellcasting   | |  2.0
Translocations | |  2.4

Action                   || total
-------------------------++-------
Melee: Hand axe          ||    64
       Kick              ||    14
       Peck              ||     6
Throw: Boomerang         ||     7
  Use: Scroll            ||     5
Armor: Leather armour    ||    12
       Ring mail         ||    18
Dodge: Dodged            ||    34

Table legend:
 A = Non-vault XP
 B = Vault XP
 C = Vault XP percentage of total XP
 D = Non-vault monster count
 E = Vault monster count
 F = Vault count percentage of total count
                 A         B        C        D         E       F
            +---------+---------+-------+---------+---------+-------
      Total |      71 |       0 |   0.0 |      31 |       0 |   0.0
            +---------+---------+-------+---------+---------+-------
        D:1 |      35 |       0 |   0.0 |      23 |       0 |   0.0
        D:2 |      36 |       0 |   0.0 |       8 |       0 |   0.0
            +---------+---------+-------+---------+---------+-------
